AAA EAST
LOUISVILLE BATS @ INDIANAPOLIS INDIANS
07/07/2041
 
TOP OF THE 1ST
Louisville Bats batting - Pitching for Indianapolis Indians : RHP Bob Haynes
Pitching: RHP Bob Haynes
Batting: RHB Manny Sosa 0-0: Ball
1-0: Ball
2-0: Swinging Strike
2-1: Called Strike
2-2: Ball
3-2: Fly out, F8 (Flyball, 78S, EV 90.0 MPH)
Batting: RHB Itocravo Affra 0-0: Foul Ball, location: 2F
0-1: Ball
1-1: Ball
2-1: Ground out 5-3 (Groundball, 15, EV 85.6 MPH)
Batting: LHB Raúl Campos 0-0: Called Strike
0-1: Foul Ball, location: 7LMF
0-2: Strikes out swinging
Top of the 1st over - 0 runs, 0 hits, 0 errors, 0 left on base; Louisville 0 - Indianapolis 0
BOTTOM OF THE 1ST
Indianapolis Indians batting - Pitching for Louisville Bats : RHP Lynwood Rogers
Pitching: RHP Lynwood Rogers
Batting: RHB Steve Jenkins 0-0: Ball
1-0: Ground out 1-3 (Groundball, 15, EV 70.0 MPH)
Batting: RHB Johnny Owen 0-0: Called Strike
0-1: Ball
1-1: Fly out, F8 (Flyball, 8RS, EV 80.6 MPH)
Batting: LHB Mal Reed 0-0: Ball
1-0: Called Strike
1-1: Ball
2-1: Called Strike
2-2: Ball
3-2: Base on Balls
Batting: RHB Mal Williamson 0-0: Foul Ball, location: 2F
0-1: Ball
1-1: Ball
2-1: Fielders Choice at 2nd, 6-4 (Groundball, 6, EV 103.8 MPH)
Bottom of the 1st over - 0 runs, 0 hits, 0 errors, 1 left on base; Louisville 0 - Indianapolis 0
TOP OF THE 2ND
Louisville Bats batting - Pitching for Indianapolis Indians : RHP Bob Haynes
Batting: RHB Eric Brooks 0-0: Swinging Strike
0-1: Swinging Strike
0-2: Strikes out looking
Batting: LHB António Ceras 0-0: Called Strike
0-1: Ball
1-1: Swinging Strike
1-2: Strikes out swinging
Batting: RHB Ichiyo Sato 0-0: Ball
1-0: Called Strike
1-1: Fly out, F8 (Flyball, 8LS, EV 96.9 MPH)
Top of the 2nd over - 0 runs, 0 hits, 0 errors, 0 left on base; Louisville 0 - Indianapolis 0
BOTTOM OF THE 2ND
Indianapolis Indians batting - Pitching for Louisville Bats : RHP Lynwood Rogers
Batting: RHB César Otero 0-0: Called Strike
0-1: Fly out, F9 (Flyball, 9D, EV 97.5 MPH)
Batting: LHB Jesús Benavidez 0-0: Ball
1-0: Ball
2-0: Foul Ball, location: 7LDF
2-1: Swinging Strike
2-2: Fly out, F7 (Flyball, 7D, EV 96.3 MPH)
Batting: RHB José Vargas 0-0: Ball
1-0: Fly out, F8 (Line Drive, 8RM, EV 86.3 MPH)
Bottom of the 2nd over - 0 runs, 0 hits, 0 errors, 0 left on base; Louisville 0 - Indianapolis 0
TOP OF THE 3RD
Louisville Bats batting - Pitching for Indianapolis Indians : RHP Bob Haynes
Batting: RHB Mauro Navarro 0-0: Ball
1-0: SINGLE (Groundball, 34D, EV 99.4 MPH)
Batting: RHB Dan Payne 0-0: Ball
Mauro Navarro steals 2nd base (no throw)
1-0: Swinging Strike
1-1: Foul Ball, location: 2F
1-2: Foul Ball, location: 2LF
1-2: Ground out 6-3 (Groundball, 6, EV 83.8 MPH)
Batting: RHB Mike Stevenson 0-0: Called Strike
0-1: Swinging Strike
0-2: Strikes out looking
Batting: RHB Manny Sosa 0-0: Called Strike
0-1: Ball
1-1: Swinging Strike
1-2: Strikes out looking
Top of the 3rd over - 0 runs, 1 hit, 0 errors, 1 left on base; Louisville 0 - Indianapolis 0
BOTTOM OF THE 3RD
Indianapolis Indians batting - Pitching for Louisville Bats : RHP Lynwood Rogers
Batting: RHB Benny Williams 0-0: Ball
1-0: Ground out 5-3 (Groundball, 56S, EV 81.3 MPH)
Batting: RHB Lance Egberts 0-0: Called Strike
0-1: Ground out U3 (Groundball, 3S, EV 90.0 MPH)
Batting: RHB Steve Jenkins 0-0: Ground out 5-3 (Groundball, 56S, EV 84.4 MPH)
Bottom of the 3rd over - 0 runs, 0 hits, 0 errors, 0 left on base; Louisville 0 - Indianapolis 0
TOP OF THE 4TH
Louisville Bats batting - Pitching for Indianapolis Indians : RHP Bob Haynes
Batting: RHB Itocravo Affra 0-0: Ball
1-0: Called Strike
1-1: Called Strike
1-2: Ball
2-2: Strikes out swinging
Batting: LHB Raúl Campos 0-0: Foul Ball, location: 7LDF
0-1: Swinging Strike
0-2: Foul Ball, location: 7LDF
0-2: Ground out U3 (Groundball, 3S, EV 81.3 MPH)
Batting: RHB Eric Brooks 0-0: Called Strike
0-1: Swinging Strike
0-2: Ball
1-2: SINGLE (Line Drive, 78S, EV 86.3 MPH)
Batting: LHB António Ceras 0-0: Foul Ball, location: 2F
0-1: DOUBLE (Line Drive, 9LS, EV 95.6 MPH)
Eric Brooks to third
Batting: RHB Ichiyo Sato 0-0: Called Strike
0-1: Foul Ball, location: 25F
0-2: Strikes out swinging
Top of the 4th over - 0 runs, 2 hits, 0 errors, 2 left on base; Louisville 0 - Indianapolis 0
BOTTOM OF THE 4TH
Indianapolis Indians batting - Pitching for Louisville Bats : RHP Lynwood Rogers
Batting: RHB Johnny Owen 0-0: Foul Ball, location: 2F
0-1: Called Strike
0-2: Foul Ball, location: 7LMF
0-2: SINGLE (Line Drive, 4MD, EV 101.9 MPH)
Batting: LHB Mal Reed 0-0: Called Strike
Johnny Owen steals 2nd base (no throw)
0-1: Ball
1-1: Foul Ball, location: 7LMF
1-2: SINGLE (Line Drive, 78S, EV 100.6 MPH)
Johnny Owen to third
Batting: RHB Mal Williamson 0-0: Ball
1-0: Called Strike
Mal Reed steals 2nd base
1-1: Ball
2-1: Ball
3-1: Base on Balls
Batting: RHB César Otero 0-0: Grounds into double play, 6-4-3 (Groundball, 6S, EV 82.5 MPH)
Johnny Owen scores
Mal Reed to third
Batting: LHB Jesús Benavidez 0-0: Ball
1-0: Ball
2-0: Foul Ball, location: 2F
2-1: Fly out, F6 (Popup, 6, EV 75.6 MPH)
Bottom of the 4th over - 1 run, 2 hits, 0 errors, 1 left on base; Louisville 0 - Indianapolis 1
TOP OF THE 5TH
Louisville Bats batting - Pitching for Indianapolis Indians : RHP Bob Haynes
Batting: RHB Mauro Navarro 0-0: Foul Ball, location: 2F
0-1: Foul Ball, location: 5FF
0-2: Ball
1-2: Strikes out swinging
Batting: RHB Dan Payne 0-0: Ball
1-0: Foul Ball, location: 25F
1-1: Foul Ball, location: 3F
1-2: Foul Ball, location: 3DF
1-2: Ground out 6-3 (Groundball, 6MS, EV 90.0 MPH)
Batting: RHB Mike Stevenson 0-0: Swinging Strike
0-1: Ball
1-1: Swinging Strike
1-2: Ball
2-2: Strikes out swinging
Top of the 5th over - 0 runs, 0 hits, 0 errors, 0 left on base; Louisville 0 - Indianapolis 1
BOTTOM OF THE 5TH
Indianapolis Indians batting - Pitching for Louisville Bats : RHP Lynwood Rogers
Batting: RHB José Vargas 0-0: Called Strike
0-1: Called Strike
0-2: Ball
1-2: Ball
2-2: Foul Ball, location: 2F
2-2: SINGLE (Line Drive, 9LS, EV 92.5 MPH)
Batting: RHB Benny Williams 0-0: Sac Bunt to 23 - play at first, batter OUT! 3-4
José Vargas to second
Batting: RHB Lance Egberts 0-0: Ball
1-0: Ball
2-0: Ground out 6-3 (Groundball, 6, EV 88.1 MPH)
Batting: RHB Steve Jenkins 0-0: Ground out 4-3 (Groundball, 34, EV 106.9 MPH)
Bottom of the 5th over - 0 runs, 1 hit, 0 errors, 1 left on base; Louisville 0 - Indianapolis 1
TOP OF THE 6TH
Louisville Bats batting - Pitching for Indianapolis Indians : RHP Bob Haynes
Batting: RHB Manny Sosa 0-0: Called Strike
0-1: Ball
1-1: Ball
2-1: Swinging Strike
2-2: Ground out U3 (Groundball, 34, EV 91.3 MPH)
Batting: RHB Itocravo Affra 0-0: Foul Ball, location: 3F
0-1: Swinging Strike
0-2: Foul Ball, location: 2F
0-2: Strikes out swinging
Batting: LHB Raúl Campos 0-0: Ball
1-0: Swinging Strike
1-1: Fly out, F7 (Line Drive, 7S, EV 104.4 MPH)
Top of the 6th over - 0 runs, 0 hits, 0 errors, 0 left on base; Louisville 0 - Indianapolis 1
BOTTOM OF THE 6TH
Indianapolis Indians batting - Pitching for Louisville Bats : RHP Lynwood Rogers
Batting: RHB Johnny Owen 0-0: Ball
1-0: Ball
2-0: Fly out, F6 (Popup, 6M, EV 66.9 MPH)
Batting: LHB Mal Reed 0-0: Ball
1-0: Ground out 4-3 (Groundball, 4, EV 81.9 MPH)
Batting: RHB Mal Williamson 0-0: Ball
1-0: Called Strike
1-1: Called Strike
1-2: Foul Ball, location: 2F
1-2: Foul Ball, location: 3SF
1-2: Ball
2-2: Strikes out looking
Bottom of the 6th over - 0 runs, 0 hits, 0 errors, 0 left on base; Louisville 0 - Indianapolis 1
TOP OF THE 7TH
Louisville Bats batting - Pitching for Indianapolis Indians : RHP Bob Haynes
Batting: RHB Eric Brooks 0-0: Foul Ball, location: 9LMF
0-1: Ball
1-1: Ball
2-1: Ground out 4-3 (Groundball, 4, EV 91.3 MPH)
Batting: LHB António Ceras 0-0: Ball
1-0: Swinging Strike
1-1: Foul Ball, location: 3FF
1-2: Fly out, F8 (Flyball, 78M, EV 90.6 MPH)
Batting: RHB Ichiyo Sato 0-0: Ball
1-0: Called Strike
1-1: Foul Ball, location: 9LDF
1-2: Foul Ball, location: 2F
1-2: Ball
2-2: Fly out, F3 (Popup, 3F, EV 74.4 MPH)
Top of the 7th over - 0 runs, 0 hits, 0 errors, 0 left on base; Louisville 0 - Indianapolis 1
BOTTOM OF THE 7TH
Indianapolis Indians batting - Pitching for Louisville Bats : RHP Lynwood Rogers
Batting: RHB César Otero 0-0: Fly out, F9 (Flyball, 9S, EV 89.4 MPH)
Batting: LHB Jesús Benavidez 0-0: Ball
1-0: Called Strike
1-1: Ground out U3 (Groundball, 3L, EV 99.4 MPH)
Batting: RHB José Vargas 0-0: Ball
1-0: Ball
2-0: Ground out 4-3 (Groundball, 4S, EV 65.6 MPH)
Bottom of the 7th over - 0 runs, 0 hits, 0 errors, 0 left on base; Louisville 0 - Indianapolis 1
TOP OF THE 8TH
Louisville Bats batting - Pitching for Indianapolis Indians : RHP Bob Haynes
Batting: RHB Mauro Navarro 0-0: Called Strike
0-1: SINGLE (Line Drive, 78M, EV 85.6 MPH)
Batting: RHB Dan Payne 0-0: Called Strike
0-1: DOUBLE (Line Drive, 78XD, EV 103.8 MPH)
Mauro Navarro to third
Batting: RHB Mike Stevenson 0-0: Ball
1-0: Ball
2-0: Fly out, F7 (Flyball, 7LM, EV 73.8 MPH)
Runner from 3rd tags up, SCORES, no throw by LF
Batting: RHB Manny Sosa 0-0: Intentional Walk
Pitching: RHP Gil Rankin
Pinch Runner at 2nd Raúl Morales:
Pinch Hitting: RHB José Montoya 0-0: Foul Ball, location: 2F
0-1: Swinging Strike
0-2: Foul Ball, location: 2F
0-2: Strikes out looking
Batting: LHB Raúl Campos 0-0: Called Strike
0-1: Called Strike
0-2: Ball
1-2: Foul Ball, location: 7LMF
1-2: Strikes out swinging
Top of the 8th over - 1 run, 2 hits, 0 errors, 2 left on base; Louisville 1 - Indianapolis 1
BOTTOM OF THE 8TH
Indianapolis Indians batting - Pitching for Louisville Bats : RHP Lynwood Rogers
Now at 3B: Doug Harrington
Now in RF: Raúl Morales
Batting: RHB Benny Williams 0-0: Called Strike
0-1: Ball
1-1: Called Strike
1-2: Foul Ball, location: 5F
1-2: Fly out, F7 (Flyball, 7S, EV 91.3 MPH)
Batting: RHB Lance Egberts 0-0: Ball
1-0: Foul Ball, location: 2F
1-1: Foul Ball, location: 2F
1-2: Ball
2-2: Foul Ball, location: 25F
2-2: Ground out 5-3 (Groundball, 56S, EV 93.8 MPH)
Batting: RHB Steve Jenkins 0-0: Swinging Strike
0-1: Fly out, F4 (Popup, 4, EV 53.1 MPH)
Bottom of the 8th over - 0 runs, 0 hits, 0 errors, 0 left on base; Louisville 1 - Indianapolis 1
TOP OF THE 9TH
Louisville Bats batting - Pitching for Indianapolis Indians : RHP Gil Rankin
Pitching: RHP Jeremy O'Bryant
Pinch Hitting: LHB Héctor Arreola 0-0: Ground out 1-3 (Groundball, P, EV 63.1 MPH)
Batting: LHB António Ceras 0-0: Called Strike
0-1: TRIPLE (Line Drive, 78XD, EV 100.0 MPH)
Batting: RHB Ichiyo Sato 0-0: Ball
1-0: Called Strike
1-1: Foul Ball, location: 2F
1-2: SINGLE (Flyball, 7LS, EV 100.6 MPH)
António Ceras scores
Batting: RHB Mauro Navarro 0-0: Called Strike
0-1: Called Strike
0-2: Ball
1-2: Strikes out looking
Batting: LHB Raúl Morales 0-0: Called Strike
0-1: Swinging Strike
0-2: Strikes out swinging
Top of the 9th over - 1 run, 2 hits, 0 errors, 1 left on base; Louisville 2 - Indianapolis 1
BOTTOM OF THE 9TH
Indianapolis Indians batting - Pitching for Louisville Bats : RHP Lynwood Rogers
Pitching: LHP Jonathan Pryor
Now in CF: Dan Roberts
Batting: RHB Johnny Owen 0-0: Ball
1-0: Ball
2-0: SOLO HOME RUN (Flyball, 7D, EV 104.4 MPH), Distance : 423 ft
Batting: LHB Mal Reed 0-0: Fly out, F9 (Flyball, 89M, EV 90.0 MPH)
Batting: RHB Mal Williamson 0-0: Ball
1-0: Ground out 5-3 (Groundball, 5, EV 85.6 MPH)
Batting: RHB César Otero 0-0: Ball
1-0: Called Strike
1-1: Foul Ball, location: 2F
1-2: Ball
2-2: Ground out 5-3 (Groundball, 56, EV 80.0 MPH)
Bottom of the 9th over - 1 run, 1 hit, 0 errors, 0 left on base; Louisville 2 - Indianapolis 2
TOP OF THE 10TH
Louisville Bats batting - Pitching for Indianapolis Indians : RHP Jeremy O'Bryant
Pinch Hitting: SHB Jorge Márquez 0-0: Called Strike
0-1: Ball
1-1: Ball
2-1: Ball
3-1: Base on Balls
Batting: RHB Manny Sosa 0-0: Ball
1-0: Sac Bunt to 13S - play at first, batter OUT! 1-4
Jorge Márquez to second
Pinch Hitting: RHB Kurt Warren 0-0: Ball
1-0: Called Strike
1-1: Foul Ball, location: 25F
1-2: Foul Ball, location: 2F
1-2: SINGLE (Groundball, 4MD, EV 101.3 MPH)
Jorge Márquez to third
Runner from 3rd tries for Home, SAFE, throw by CF to home
Batting: LHB Raúl Campos 0-0: Called Strike
0-1: Foul Ball, location: 7LSF
0-2: Ball
1-2: DOUBLE (Line Drive, 78XD, EV 100.6 MPH)
Kurt Warren to third
Runner from 3rd tries for Home, SAFE, no throw by CF
Batting: LHB Dan Roberts 0-0: Foul Ball, location: 9LDF
0-1: Called Strike
Raúl Campos steals 3rd base
0-2: Ball
1-2: Fly out, F8 (Flyball, 8RD, EV 110.6 MPH)
Runner from 3rd tags up, SCORES, no throw by CF
Batting: LHB António Ceras 0-0: Called Strike
0-1: Ball
1-1: Foul Ball, location: 3F
1-2: Ball
2-2: DOUBLE (Flyball, 8LXD, EV 99.4 MPH)
Pitching: RHP César Gutiérrez
Batting: RHB Ichiyo Sato 0-0: Ball
1-0: Ball
2-0: Called Strike
2-1: Ball
3-1: Fly out, F7 (Line Drive, 78M, EV 104.4 MPH)
Top of the 10th over - 3 runs, 3 hits, 0 errors, 1 left on base; Louisville 5 - Indianapolis 2
BOTTOM OF THE 10TH
Indianapolis Indians batting - Pitching for Louisville Bats : LHP Jonathan Pryor
Now at C: Jorge Márquez
Now at 3B: José Cherino
Batting: LHB Jesús Benavidez 0-0: Foul Ball, location: 2F
0-1: Foul Ball, location: 25FF
0-2: Foul Ball, location: 2F
0-2: Ball
1-2: Ball
2-2: SOLO HOME RUN (Flyball, 89XD, EV 100.0 MPH), Distance : 395 ft
Batting: RHB José Vargas 0-0: Ball
1-0: Swinging Strike
1-1: Ball
2-1: Foul Ball, location: 2F
2-2: Ball
3-2: Foul Ball, location: 9LDF
3-2: Foul Ball, location: 2RF
3-2: Foul Ball, location: 2F
3-2: Foul Ball, location: 9LSF
3-2: Base on Balls
Batting: RHB Benny Williams 0-0: Foul Ball, location: 5F
0-1: Grounds into double play, 4-6-3 (Groundball, 4, EV 101.9 MPH)
Batting: RHB Lance Egberts 0-0: Swinging Strike
0-1: Ball
1-1: Ground out 3-1 (Groundball, 34, EV 78.8 MPH)
Bottom of the 10th over - 1 run, 1 hit, 0 errors, 0 left on base; Louisville 5 - Indianapolis 3
Monday, April 1st , 2024 - OOTP Baseball 24.10 Build 82